 Dungeon Crawl Stone Soup version 0.30.1-11-g7821555f0a (webtiles) character file.

Game seed: 3422639247867936691

17717 lonewolfV2 the Formicid Disaster (level 12, -2/96 HPs)
             Began as a Formicid Fighter on Dec 8, 2023.
             Was a Believer of Qazlal.
             Slain by a boulder beetle (40 damage)
             ... on level 13 of the Dungeon.
             The game lasted 00:24:15 (16118 turns).

lonewolfV2 the Formicid Disaster (FoFi)            Turns: 16118, Time: 00:24:16

Health: -2/96      AC: 24    Str: 22    XL:     12   Next: 86%
Magic:  21/21      EV:  8    Int: 10    God:    Qazlal [**....]
Gold:   780        SH: 11    Dex: 25    Spells: 11/11 levels left

rFire   . . .        a - +1 war axe
rCold   + . .        c - +0 buckler
rNeg    + . .        D - +0 plate armour
rPois   .            (helmet unavailable)
rElec   .            z - +0 cloak
rCorr   .            s - +2 pair of gloves
SInv    +            n - +0 pair of boots
Will    +....        (no amulet) Stlth
                     k - +6 ring of dexterity
HPRegen 0.36/turn    u - ring of Finality {rC+ rN+ AC+4 Dex+4}
MPRegen 0.17/turn

%: no passive effects
@: no status effects
A: permanent stasis, dig shafts and tunnels, antennae 3, four strong arms
a: Dig, Shaft Self, Renounce Religion, Upheaval


You were on level 13 of the Dungeon.
You worshipped Qazlal.
Qazlal was pleased with you.
You visited 2 branches of the dungeon, and saw 14 of its levels.

You collected 780 gold pieces.

Inventory:

Hand Weapons
 a - a +1 war axe (weapon)
 T - the +3 trident of Kaalon {speed, Int+4}
   (You found it on level 13 of the Dungeon)

   Int:       It affects your intelligence (+4).
Missiles
 q - 3 throwing nets
Armour
 c - a +0 buckler (worn)
 n - a +0 pair of boots (worn)
 s - a +2 pair of gloves (worn)
 z - a +0 cloak (worn)
 D - a +0 plate armour (worn)
Jewellery
 k - a +6 ring of dexterity (left hand)
 u - the ring of Finality (right hand) {rC+ rN+ AC+4 Dex+4}
   (You found it on level 4 of the Dungeon)

   [ring of protection]

   AC:        It affects your AC (+4).
   Dex:       It affects your dexterity (+4).
   rC:        It protects you from cold.
   rN:        It protects you from negative energy.
 C - a ring of positive energy
 F - a ring of protection from fire
 H - a +6 ring of strength
 I - a ring of resist corrosion
 J - a +4 ring of protection
 P - a +5 ring of evasion
 R - a ring of protection from fire
Wands
 p - a wand of flame (27)
 x - a wand of paralysis (9)
 B - a wand of digging (8)
 E - a wand of polymorph (5)
 L - a wand of mindburst (5)
 O - a wand of iceblast (16)
Scrolls
 f - 9 scrolls of enchant weapon
 h - a scroll of blinking
 l - a scroll of poison
 t - 3 scrolls of amnesia
 y - 5 scrolls of fear
 A - a scroll of magic mapping
 M - 2 scrolls of enchant armour
 S - a scroll of identify
Potions
 b - 3 potions of lignification
 d - 3 potions of might
 e - 2 potions of attraction
 g - 2 potions of invisibility
 i - a potion of flight
 j - 4 potions of haste
 m - a potion of ambrosia
 o - a potion of curing
 r - a potion of cancellation
 v - 3 potions of degeneration
 G - 2 potions of brilliance
 K - 2 potions of magic
 N - a potion of resistance
 Q - a potion of heal wounds


   Skills:
 * Level 9.5 Fighting
 - Level 9.4 Axes
 - Level 10.1 Armour
 - Level 2.6 Dodging
 - Level 11.1 Shields
 + Level 12.8 Invocations


You had 11 spell levels left.
You didn't know any spells.
Your spell library contained the following spells:

 Spells                   Type           Power      Damage    Failure   Level
 Magic Dart               Conj           0%         1d3       99%         1
 Call Imp                 Summ           0%         N/A       100%        2
 Frozen Ramparts          Ice            0%         1d1       100%        3
 Mephitic Cloud           Conj/Pois/Air  0%         N/A       100%        3
 Tukima's Dance           Hex            0%         N/A       100%        3
 Ice Form                 Ice/Tmut       0%         N/A       100%        4
 Passage of Golubria      Tloc           0%         N/A       100%        4
 Summon Ice Beast         Ice/Summ       0%         N/A       100%        4
 Yara's Violent Unravell  Hex/Tmut       0%         3d3       100%        5


Dungeon Overview and Level Annotations

Branches:
Dungeon (13/15)            Temple (1/1) D:7            Lair (0/5) D:9
    Orc (0/2) D:12
 Vaults: D:13-14

Altars:
Ashenzari
Cheibriados
Dithmenos
Elyvilon
Fedhas
Gozag
Hepliaklqana
Kikubaaqudgha
Makhleb
Nemelex Xobeh
Okawaru
Qazlal
Ru
Sif Muna
Trog
Uskayaw
Vehumet
Wu Jian
Xom
Yredelemnul
Zin
The Shining One

Annotations:
D:12 1 runed translucent door, auo's ghost, journeyman DjFE


Innate Abilities, Weirdness & Mutations

You cannot be hasted, slowed, berserked, paralysed or teleported.
You can dig through walls and to a lower floor.
You have a pair of large antennae on your head. (SInv)
Your four strong arms can wield two-handed weapons with a shield.


Message History

The boulder beetle is engulfed in blazing flames.
The boulder beetle leaps!
You hit the boulder beetle but do no damage.
The boulder beetle is almost dead.
The boulder beetle waves its antennae.
The boulder beetle bites you!
You are too injured to fight recklessly!
You are too injured to fight recklessly!
You hit the boulder beetle but do no damage.
The boulder beetle is almost dead.
The boulder beetle leaps!
The boulder beetle curls into a ball and begins rolling!
You block the boulder beetle's attack.
The boulder beetle stops rolling and uncurls.
The boulder beetle leaps!
The boulder beetle curls into a ball and begins rolling!
The boulder beetle barely misses you.
The boulder beetle stops rolling and uncurls.
You see here 12 gold pieces.
You hit the boulder beetle but do no damage.
The boulder beetle is almost dead.
The boulder beetle bites you but does no damage.
You hit the boulder beetle but do no damage.
The boulder beetle is almost dead.
The boulder beetle bites you!
You barely miss the boulder beetle.
The boulder beetle is almost dead.
You block the boulder beetle's attack.
You hit the boulder beetle but do no damage.
The boulder beetle is almost dead.
The boulder beetle bites you but does no damage.
You barely miss the boulder beetle.
The boulder beetle is almost dead.
The boulder beetle barely misses you.
You hit the boulder beetle but do no damage.
The boulder beetle is almost dead.
The boulder beetle leaps!
The boulder beetle curls into a ball and begins rolling!
The boulder beetle hits you!!!
You die...

############ ########
#..........# #......####
#..........# #....(.'..#
#..........# #......##..
#......∩...# #......####
#.....§§...# #......#
+.....§°@B○+ #......#
#........§.# +......#
#..........# #......#
#..........# #......#
##'######### #......#
#.....# #####.##
#####'########.....#####
#.........##...........#
#.........##...........#


You could see a boulder beetle (rolling).

Vanquished Creatures
  Fannar (D:10)
  A centaur warrior (D:13)
  2 two-headed ogres
  A cyclops (D:11)
  2 manticores
  Maurice (D:10)
  3 gargoyles
  A kobold demonologist (D:12)
  Maggie (D:10)
  2 unseen horrors
  3 trolls
  2 hornets
  10 slime creatures
  2 wraiths
  12 yaks
  3 steam dragons (D:8)
  A human (D:12)
  A basilisk (D:12)
  Grum (D:10)
  2 acid dragons (D:11)
  A water moccasin (D:8)
  2 sky beasts (D:7)
  An ice beast (D:6)
  3 orc warriors
  19 centaurs
  4 wolves
  2 phantoms
  2 bullfrogs
  3 kobold brigands
  A gnoll sergeant (D:10)
  4 scorpions
  12 wights
  14 killer bees
  An electric eel (D:10)
  3 howler monkeys
  4 crimson imps (D:7)
  6 hounds
  2 jellies
  3 orc priests
  Terence (D:3)
  2 sleepcaps
  2 iguanas
  9 orc wizards
  3 adders
  13 gnolls
  3 shadow imps
  2 white imps (D:7)
  3 dart slugs (D:4)
  38 orcs
  6 ball pythons
  4 bats
  13 endoplasms
  2 giant cockroaches
  7 goblins
  3 hobgoblins
  6 jackals
  13 kobolds
  5 quokkas
  4 frilled lizards
  A rat (D:3)
279 creatures vanquished.

Vanquished Creatures (collateral kills)
  A slime creature (D:13)
1 creature vanquished.

Vanquished Creatures (others)
  Erolcha (D:10)
  A white imp (D:8)
2 creatures vanquished.

Grand Total: 282 creatures vanquished

Notes
Turn   | Place    | Note
-------+----------+-------------------------------------------
     0 | D:1      | lonewolfV2 the Formicid Fighter began the quest for the
                  | Orb.
     0 | D:1      | Reached XP level 1. HP: 18/18 MP: 1/1
   109 | D:1      | Reached XP level 2. HP: 24/24 MP: 2/2
   287 | D:1      | Reached skill level 1 in Dodging
   349 | D:1      | Reached XP level 3. HP: 12/29 MP: 3/3
   686 | D:1      | Found a faded altar of an unknown god.
  1591 | D:3      | You fall into a shaft and drop 1 floor!
  1611 | D:4      | Reached XP level 4. HP: 36/36 MP: 4/4
  1794 | D:4      | Noticed a scorpion
  1809 | D:4      | Killed a scorpion
  1810 | D:4      | Reached XP level 5. HP: 40/42 MP: 5/5
  1919 | D:3      | Found a hazy altar of Hepliaklqana.
  1919 | D:3      | Found a snail-covered altar of Cheibriados.
  1936 | D:3      | Found a bloodstained altar of Trog.
  1988 | D:3      | Noticed Terence
  1996 | D:3      | Killed Terence
  2050 | D:3      | Reached XP level 6. HP: 46/48 MP: 6/6
  2637 | D:4      | Identified the ring of Finality {rC+ rN+ AC+4 Dex+4}
  2937 | D:4      | Reached XP level 7. HP: 55/55 MP: 7/7
  2971 | D:5      | Entered Level 5 of the Dungeon
  3061 | D:5      | Reached skill level 5 in Fighting
  3061 | D:5      | Reached skill level 5 in Axes
  3572 | D:5      | Found a radiant altar of Vehumet.
  3621 | D:5      | Found a glowing drain.
  3735 | D:5      | Reached XP level 8. HP: 56/64 MP: 8/8
  5093 | D:7      | Found a sparkling altar of Nemelex Xobeh.
  5251 | D:7      | Reached XP level 9. HP: 64/74 MP: 9/9
  5729 | D:7      | Found a shimmering altar of Xom.
  5741 | D:7      | Found a staircase to the Ecumenical Temple.
  5800 | Temple   | Entered the Ecumenical Temple
  5837 | Temple   | Became a worshipper of Qazlal Stormbringer
  5934 | D:7      | Found a hide-covered altar of Uskayaw.
  6039 | D:7      | Found a shadowy altar of Dithmenos.
  6268 | D:8      | Noticed a hornet
  6275 | D:8      | Killed a hornet
  6289 | D:8      | Reached skill level 5 in Armour
  6876 | D:8      | Reached XP level 10. HP: 44/83 MP: 10/10
  7100 | D:8      | Found a burning altar of Makhleb.
  7225 | D:8      | Reached skill level 1 in Invocations
  7341 | D:8      | Reached skill level 2 in Invocations
  7350 | D:8      | Reached skill level 3 in Invocations
  7435 | D:9      | Reached * piety under Qazlal
  7534 | D:8      | Reached skill level 4 in Invocations
  7798 | D:8      | Reached skill level 5 in Invocations
  7959 | D:8      | Reached skill level 5 in Shields
  8515 | D:9      | Reached skill level 6 in Invocations
  8737 | D:9      | Found a basalt altar of Yredelemnul.
  9099 | D:9      | Reached XP level 11. HP: 78/88 MP: 16/16
  9175 | D:9      | Found a staircase to the Lair.
  9244 | D:9      | Noticed a two-headed ogre
  9258 | D:9      | Killed a two-headed ogre
  9259 | D:9      | Reached skill level 7 in Invocations
  9865 | D:9      | Reached skill level 8 in Invocations
  9877 | D:9      | Found a glowing golden altar of the Shining One.
  9956 | D:10     | Entered Level 10 of the Dungeon
  9956 | D:10     | Noticed Maggie
  9969 | D:10     | Killed Maggie
 10193 | D:10     | Noticed a two-headed ogre
 10209 | D:10     | Killed a two-headed ogre
 10210 | D:10     | Reached skill level 9 in Invocations
 10855 | D:10     | Noticed Fannar
 10861 | D:10     | Noticed Erolcha
 10890 | D:10     | Killed Erolcha
 10891 | D:10     | Reached skill level 10 in Invocations
 10901 | D:10     | Killed Fannar
 10901 | D:10     | Reached ** piety under Qazlal
 11569 | D:10     | Noticed Grum
 11592 | D:10     | Killed Grum
 11675 | D:10     | Reached skill level 11 in Invocations
 12148 | D:10     | Noticed Maurice
 12174 | D:10     | Killed Maurice
 12666 | D:11     | Identified the +1 scale mail "Asotaur" {rC- rCorr Dex+2
                  | Stlth+}
 12720 | D:11     | Reached XP level 12. HP: 21/95 MP: 20/20
 12725 | D:11     | Reached skill level 10 in Shields
 13926 | D:12     | Found a runed translucent door.
 13943 | D:12     | Found a shimmering altar of Xom.
 13943 | D:12     | Noticed auo's ghost (journeyman DjFE)
 13943 | D:12     | Identified the +7 flail "Xutzischic" {chaos, Dex+2}
 13943 | D:12     | Noticed a +7 flail "Xutzischic" {chaos, Dex+2}
 13974 | D:12     | Found a staircase to the Orcish Mines.
 13999 | D:12     | Reached *** piety under Qazlal
 14000 | D:12     | Reached skill level 12 in Invocations
 15642 | D:13     | Noticed a centaur warrior
 15653 | D:13     | Killed a centaur warrior
 15654 | D:13     | Reached skill level 10 in Armour
 15764 | D:13     | Found a blossoming altar of Fedhas.
 15773 | D:13     | Identified the +3 trident of Kaalon {speed, Int+4}
 16063 | D:13     | Found a gate leading to a gauntlet.
 16064 | D:13     | Noticed a boulder beetle
 16118 | D:13     | Slain by a boulder beetle

Illustrated notes

Levels and vault maps discovered:
D:1:      lemuel_arrival_room, layout_basic, chequers_ecumenical_altar_twisty
D:2:      layout_loops_ring
D:3:      layout_basic, mainiacjoe_overflow_boulevard,
          gammafunk_temple_overflow_pools, uniq_terence
D:4:      layout_basic
D:5:      layout_gridville, fiery_altar_vehumet, portal_sewer_entry_e
D:6:      layout_gridville
D:7:      layout_cave_pods, led_xom_imps, grunt_dithmenos_smoke,
          mainiacjoe_overflow_chevrons, mainiacjoe_overflow_tiny_flanked,
          minmay_temple_entry_stoned_glass, st_stairs_9
D:8:      layout_rooms, mainiacjoe_overflow_paths
D:9:      layout_basic, marbit_many_paths, mainiacjoe_overflow_small_starburst,
          erik_lair_island, serial_glass, glass_columns_c, glass_columns_c,
          due_unseen_surprise, feat_on_display, minmay_strange_pillars,
          minmay_strange_pillars
D:10:     cheibrodos_helix_gallery, layout_stronghold, uniq_fannar, uniq_grum,
          uniq_erolcha, uniq_maurice, uniq_maggie
D:11:     layout_basic, nicolae_figureground_pulse
D:12:     layout_layer_cave, erik_orc_4, ebering_ghost_xom
D:13:     layout_roguey, gauntlet_entry_generic, serial_corexii_hall,
          corexii_hall_statues_l, corexii_hall_statues_x, special_room
          [special_room_bee], fedhas_altar_2
Temple:   chequers_temple_sunken

Skill      XL: |  1  2  3  4  5  6  7  8  9 10 11 12 |
---------------+-------------------------------------+-----
Dodging        | 1 2 |  2.6
Axes           | 3 4 5 7 9 |  9.4
Fighting       | 4 6 7 9 |  9.5
Armour         | 4 6 8 10 | 10.1
Invocations    | 6 11 12 | 12.8
Shields        | 6 9 11 | 11.1

Action                     |  1- 3 |  4- 6 |  7- 9 | 10-12 || total
---------------------------+-------+-------+-------+-------++-------
  Melee: War axe           |    65 |   113 |   216 |   548 ||   942
 Invoke: Upheaval          |       |       |       |     1 ||     1
         Elemental Force   |       |       |       |     1 ||     1
Ability: Dig               |       |       |       |     1 ||     1
  Evoke: Wand              |       |       |       |    17 ||    17
    Use: Scroll            |     8 |     1 |     8 |    10 ||    27
         Potion            |       |       |     6 |     6 ||    12
 Armour: Scale mail        |    17 |       |       |       ||    17
         Chain mail        |    18 |    41 |    96 |       ||   155
         Plate armour      |       |       |    83 |   490 ||   573
  Dodge: Dodged            |    33 |    51 |   119 |   288 ||   491
  Block: Buckler           |    26 |    36 |   107 |   420 ||   589
